 Dungeon Crawl Stone Soup version 0.26-b1-32-g5d43845 (webtiles) character file.

Game seed: 13438252322573383295

42491 Illumine the Cleaver (level 13, -8/124 HPs)
             Began as a Deep Dwarf Fighter on Jan 11, 2021.
             Was a High Priest of Makhleb.
             Mangled by a polar bear (15 damage)
             ... on level 6 of the Lair of Beasts.
             The game lasted 00:23:55 (14764 turns).

Illumine the Cleaver (Deep Dwarf Fighter)          Turns: 14764, Time: 00:23:55

Health: -8/124     AC: 22    Str: 24    XL:     13   Next: 85%
Magic:  3/3        EV:  9    Int: 10    God:    Makhleb [*****.]
Gold:   534        SH: 24    Dex: 12    Spells: 12/12 levels left

rFire    . . .     SeeInvis .   c - +0 hand axe (vamp)
rCold    + . .     Faith    .   U - +0 tower shield
rNeg     . . .     Spirit   .   V - +4 storm dragon scales
rPois    .         Reflect  +   e - +1 hat
rElec    +         Harm     .   h - +0 cloak
rCorr    +         Rampage  .   (no gloves)
Will     +....                  g - +0 pair of boots
Stlth    ..........             q - amulet of reflection
HPRegen  0.00/turn              G - ring of resist corrosion
MPRegen  0.08/turn              f - ring of protection from cold

@: non-regenerating, slowed, very slow
A: damage resistance, heal wounds, sense surroundings 2, no regeneration
a: Heal Wounds, Renounce Religion, Minor Destruction, Lesser Servant of Makhleb,
Major Destruction, Greater Servant of Makhleb


You were on level 6 of the Lair of Beasts.
You worshipped Makhleb.
Makhleb was extremely pleased with you.
You visited 5 branches of the dungeon, and saw 20 of its levels.
You also visited: Ossuary.

You collected 1636 gold pieces.
You spent 1102 gold pieces at shops.

Inventory:

Hand Weapons
 c - a +0 vampiric hand axe (weapon)
 w - a +1 hand axe of flaming
 O - a +1 vorpal war axe
Armour
 e - a +1 hat (worn)
 g - a +0 pair of boots (worn)
 h - a +0 cloak (worn)
 U - a +0 tower shield (worn)
 V - +4 storm dragon scales (worn)
Jewellery
 f - a ring of protection from cold (right hand)
 o - an uncursed ring of fire
 p - an uncursed ring of teleportation
 q - an amulet of reflection (around neck)
 t - an uncursed ring of ice
 G - a ring of resist corrosion (left hand)
 K - an uncursed ring of wizardry
 M - an uncursed ring of ice
 P - the ring of the Lion {Str-3 Slay+4 Stlth-, unknown}
   (You found it on level 5 of the Lair of Beasts)

   [ring of attention]

   It affects your strength (-3).
   It affects your accuracy and damage with ranged weapons and melee attacks
   (+4).
   It makes you less stealthy.
 R - an uncursed amulet of guardian spirit
 W - the amulet of Kesoj {Spirit +Inv rElec Dex+2}
   (You bought it in a shop on level 10 of the Dungeon)

   [amulet of guardian spirit]

   It causes incoming damage to be split between your health and magic.
   It affects your dexterity (+2).
   It insulates you from electricity.
   It lets you turn invisible.
Wands
 a - a wand of random effects (18)
 b - a wand of digging (6)
 l - a wand of paralysis (5)
 y - a wand of polymorph (26)
 D - a wand of iceblast (18)
 E - a wand of flame (39)
Scrolls
 k - 13 scrolls of teleportation
 u - 5 scrolls of immolation
 v - 4 scrolls of random uselessness
 x - 6 scrolls of remove curse
 H - a scroll of fog {unknown}
 I - a scroll of identify
 L - a scroll of fear {unknown}
 N - 5 scrolls of magic mapping
 T - a scroll of summoning {unknown}
 X - 2 scrolls of amnesia {unknown}
 Y - a scroll of vulnerability {unknown}
Potions
 d - 4 potions of might
 i - 2 potions of mutation
 j - 7 potions of brilliance
 m - 7 potions of heal wounds
 n - 8 potions of curing
 r - 2 potions of berserk rage
 s - 3 potions of resistance
 z - 2 potions of flight
 A - 2 potions of attraction
 B - 4 potions of haste
 C - 3 potions of lignification
 F - 4 potions of magic
 J - a potion of invisibility
 Q - 7 potions of ambrosia
 S - a potion of cancellation


   Skills:
 + Level 10.3 Fighting
 + Level 13.0 Axes
 + Level 10.6 Armour
 - Level 7.7 Dodging
 - Level 2.8 Stealth
 + Level 12.1 Shields
 + Level 11.4 Invocations


You had 12 spell levels left.
You didn't know any spells.
Your spell library contained the following spells:

 Spells                   Type           Power        Failure   Level
 Beastly Appendage        Tmut           0%           100%        1
 Sting                    Tmut/Pois      0%           100%        1
 Poisonous Vapours        Pois/Air       0%           100%        2
 Wereblood                Tmut           0%           100%        2
 Ignite Poison            Fire/Tmut/Pois 0%           100%        3
 Mephitic Cloud           Conj/Pois/Air  0%           100%        3
 Spider Form              Tmut/Pois      0%           100%        3
 Ice Form                 Ice/Tmut       0%           100%        4
 Olgreb's Toxic Radiance  Pois           0%           100%        4
 Alistair's Intoxication  Tmut/Pois      0%           100%        5
 Blade Hands              Tmut           0%           100%        5
 Irradiate                Conj/Tmut      0%           100%        5
 Hydra Form               Tmut           0%           100%        6
 Iron Shot                Conj/Erth      0%           100%        6
 Statue Form              Tmut/Erth      0%           100%        6
 Dragon Form              Tmut           0%           100%        7
 Shatter                  Erth           0%           100%        9


Dungeon Overview and Level Annotations

Branches:
Dungeon (10/15)            Temple (1/1) D:6            Lair (6/6) D:9
 Shoals (1/4) Lair:4       Spider (0/4) Lair:4        Slime (0/5) Lair:5
    Orc (2/2) D:10            Elf (0/3) Orc:2       Ossuary (visited)

Altars:
Ashenzari
Cheibriados
Dithmenos
Elyvilon
Fedhas
Gozag
Hepliaklqana
Kikubaaqudgha
Makhleb
Nemelex Xobeh
Qazlal
Ru
Sif Muna
Trog
Uskayaw
Vehumet
Wu Jian
Xom
Yredelemnul
The Shining One
Jiyva

Shops:
D:10 *=   Orc:1 *   Orc:2 *(?=


Innate Abilities, Weirdness & Mutations

You are resistant to damage.
You can heal yourself by infusing magical energy.
You passively map the area around you.
You do not regenerate.


Message History

The polar bear closely misses you. You block the polar bear's attack.
The polar bear misses you. You block the polar bear's attack.
The polar bear closely misses you. x2; The hornet stings you.
* * * LOW HITPOINT WARNING * * *
You feel as though you will be slow longer.
You block the polar bear's attack. x3; The polar bear barely misses you.
The polar bear claws you but does no damage. x2
Okay, then.
You feel better. You block the hornet's attack. The polar bear bites you!
* * * LOW HITPOINT WARNING * * *
The polar bear claws you but does no damage.
You block the polar bear's attack. The polar bear bites you!
* * * LOW HITPOINT WARNING * * *
The polar bear closely misses you. You block the polar bear's attack.
The polar bear bites you but does no damage.
You block the polar bear's attack.
The polar bear claws you but does no damage.
The hornet stings you but does no damage.
The polar bear bites you!!
You die...

....###.######..## ***
...#..#.P##PP....# *
.........P.....P## ,
.............P..### * ,
.......#..#..#....# , . ,
,
...#....###.###.P#####...
,, ,,
...##.#.##.###P..P#......
, , ..########## ##.P..#
. , , ### #.@h###...., ,,
, .# ##hyhkl≈≈≈≈ , ##
##yh#≈≈.#≈ # ≈F## ≈## ≈ ≈
# .≈.≈ ≈≈≈ ≈ .# ##..≈≈≈
.≈ * * .# #.... ≈ ≈ .#
*...##≈ * .# ..≈≈ ≈


You could see a wind drake (repels missiles), 4 polar bears, a cane toad, 2
hornets and a wyvern.

Vanquished Creatures
  Gastronok (Lair:2)
  Fannar (Orc:1)
  3 hydras
  Harold (D:8)
  A boulder beetle (Lair:3)
  A catoblepas (Lair:5)
  9 two-headed ogres
  Nergalle (D:10)
  Pikel (D:5)
  8 black mambas
  6 elephants (Lair:5)
  12 cane toads
  Maggie (D:9)
  7 komodo dragons
  4 rime drakes
  A queen bee (Lair:3)
  A troll (D:10)
  15 blink frogs
  7 dream sheep (Lair:5)
  5 wyverns
  15 yaks
  4 wargs
  Duvessa (D:5)
  11 water moccasins
  8 orc warriors
  2 ice beasts
  2 phantoms
  2 sky beasts
  A black bear (D:9)
  13 ogres
  9 wolves
  6 centaurs
  A big kobold (D:8)
  A gnoll sergeant (D:9)
  20 bullfrogs
  Dowan (D:5)
  2 scorpions
  9 wights
  24 killer bees (Lair:3)
  6 howler monkeys
  5 centaur zombies
  4 bullfrog skeletons
  4 hounds
  3 jellies
  2 bullfrog zombies
  10 orc priests
  3 centaur skeletons
  16 orc wizards
  4 iguanas
  7 worker ants
  Ijyb (D:5)
  5 hell rats (Lair:3)
  An ogre zombie (Ossuary)
  A hound zombie (D:6)
  A hound skeleton (D:5)
  8 mummies
  2 worker ant zombies
  19 gnolls
  9 adders
  3 shadow imps
  A white imp (D:9)
  2 ufetubi
  2 oozes
  6 adder zombies
  6 worms
  A dart slug (D:2)
  9 leopard geckos
  37 orcs
  2 ball pythons
  4 bats
  5 giant cockroaches
  6 goblins
  6 hobgoblins
  19 jackals
  3 quokkas
  5 frilled lizards
  A gnoll zombie (Ossuary)
  A goblin zombie (Ossuary)
  3 hobgoblin zombies (Ossuary)
  5 kobolds
  2 kobold zombies (Ossuary)
  A leopard gecko skeleton (D:4)
  A leopard gecko zombie (D:5)
  3 quokka zombies (Ossuary)
  8 rats (D:3)
  A rat zombie (Ossuary)
472 creatures vanquished.

Vanquished Creatures (collateral kills)
  An orc sorcerer (Orc:1)
  A gnoll shaman (Orc:1)
  A gnoll (Orc:1)
  An orc (Orc:1)
4 creatures vanquished.

Vanquished Creatures (others)
  An orc wizard (D:8)
  A bush (Lair:2)
  25 fungi
  48 plants
75 creatures vanquished.

Grand Total: 551 creatures vanquished

Notes
Turn   | Place    | Note
-------+----------+-------------------------------------------
     0 | D:1      | Illumine the Deep Dwarf Fighter began the quest for the
                  | Orb.
     0 | D:1      | Reached XP level 1. HP: 20/20 MP: 1/1
   170 | D:1      | Reached XP level 2. HP: 27/27 MP: 2/2
   733 | D:2      | Reached skill level 3 in Axes
   799 | D:2      | Reached XP level 3. HP: 30/34 MP: 3/3
  1189 | D:2      | Reached XP level 4. HP: 34/42 MP: 4/4
  1260 | D:2      | Reached skill level 4 in Axes
  1331 | D:3      | Reached XP level 5. HP: 30/49 MP: 5/5
  1644 | D:3      | Reached skill level 5 in Axes
  2111 | D:4      | Reached XP level 6. HP: 41/57 MP: 6/6
  2308 | D:4      | Reached skill level 5 in Shields
  2480 | D:4      | Reached skill level 6 in Axes
  2576 | D:4      | Reached XP level 7. HP: 59/66 MP: 6/6
  2795 | D:5      | Entered Level 5 of the Dungeon
  2869 | D:5      | Found a bloodstained altar of Trog.
  2922 | D:5      | Noticed Ijyb
  2935 | D:5      | Killed Ijyb
  2976 | D:5      | Reached skill level 7 in Axes
  3041 | D:5      | Found a snail-covered altar of Cheibriados.
  3049 | D:5      | Noticed Dowan
  3049 | D:5      | Noticed Duvessa
  3068 | D:5      | Killed Duvessa
  3069 | D:5      | Reached skill level 5 in Fighting
  3069 | D:5      | Reached XP level 8. HP: 46/74 MP: 7/7
  3075 | D:5      | Killed Dowan
  3136 | D:5      | Noticed Pikel
  3173 | D:5      | Killed Pikel
  3174 | D:5      | Reached skill level 8 in Axes
  3280 | D:5      | Found a sand-covered staircase.
  3294 | Ossuary  | Entered an ossuary
  3544 | Ossuary  | Reached skill level 9 in Axes
  3875 | D:6      | Reached skill level 1 in Stealth
  3958 | D:6      | You fall into a shaft and drop 2 floors!
  3996 | D:8      | Gained mutation: You passively map the area around you.
                  | [Deep Dwarf growth]
  3996 | D:8      | Reached XP level 9. HP: 57/82 MP: 7/7
  4008 | D:8      | Reached skill level 1 in Dodging
  4273 | D:6      | Found a staircase to the Ecumenical Temple.
  4373 | Temple   | Entered the Ecumenical Temple
  4481 | Temple   | Became a worshipper of Makhleb the Destroyer
  5020 | D:6      | Reached skill level 1 in Invocations
  5903 | D:8      | Reached * piety under Makhleb
  5929 | D:8      | Found an opulent altar of Gozag.
  5967 | D:8      | Noticed Harold
  5995 | D:8      | Killed Harold
  5996 | D:8      | Reached skill level 5 in Armour
  5996 | D:8      | Reached XP level 10. HP: 48/92 MP: 4/6
  6302 | D:8      | Found a radiant altar of Vehumet.
  6365 | D:8      | Found a blossoming altar of Fedhas.
  6396 | D:8      | Reached skill level 10 in Axes
  6783 | D:9      | Found a shimmering blue altar of Sif Muna.
  6866 | D:9      | Found a staircase to the Lair.
  6913 | D:9      | Noticed Maggie
  6927 | D:9      | Killed Maggie
  6950 | Lair:1   | Entered Level 1 of the Lair of Beasts
  6969 | Lair:1   | You fall into a shaft and drop 1 floor!
  7016 | Lair:2   | Noticed a black mamba
  7021 | Lair:2   | Killed a black mamba
  7201 | Lair:2   | Noticed a cane toad
  7226 | Lair:2   | Killed a cane toad
  7227 | Lair:2   | Reached skill level 5 in Invocations
  7243 | Lair:2   | Noticed Gastronok
  7257 | Lair:2   | Killed Gastronok
  7258 | Lair:2   | Reached skill level 5 in Dodging
  7258 | Lair:2   | Reached XP level 11. HP: 60/100 MP: 4/6
  7737 | Lair:3   | Noticed a boulder beetle
  7802 | Lair:3   | Killed a boulder beetle
  7896 | Lair:3   | Reached ** piety under Makhleb
  7898 | Lair:3   | Reached skill level 11 in Axes
  8230 | Lair:3   | Reached *** piety under Makhleb
  8233 | Lair:3   | Reached skill level 10 in Shields
  8795 | Lair:1   | Reached XP level 12. HP: 83/112 MP: 5/5
  9437 | D:9      | Identified the Tome of Unstable Clay
  9514 | D:9      | Noticed a two-headed ogre
  9518 | D:9      | Killed a two-headed ogre
  9855 | D:9      | Found a stormy altar of Qazlal.
  9868 | D:10     | Entered Level 10 of the Dungeon
  9919 | D:10     | Found Muntotan's Jewellery Emporium.
  9962 | D:10     | Found a staircase to the Orcish Mines.
 10007 | Orc:1    | Entered Level 1 of the Orcish Mines
 10007 | Orc:1    | Noticed a two-headed ogre
 10016 | D:10     | Killed a two-headed ogre
 10046 | Orc:1    | Noticed Nergalle
 10048 | Orc:1    | Reached **** piety under Makhleb
 10069 | D:10     | Killed Nergalle
 10310 | Orc:1    | Found Itobbut's General Store.
 10333 | Orc:1    | Bought +1 storm dragon scales for 957 gold pieces
 10368 | Orc:1    | Paralysed by an orc sorcerer for 7 turns
 10398 | Orc:1    | Noticed Fannar
 10428 | Orc:1    | Killed Fannar
 10618 | Orc:2    | Entered Level 2 of the Orcish Mines
 10636 | Orc:2    | Noticed a two-headed ogre
 10647 | Orc:2    | Noticed a two-headed ogre
 10652 | Orc:2    | Noticed an ogre mage
 10655 | Orc:2    | Noticed a two-headed ogre
 10663 | Orc:2    | HP: 4/114 [orc warrior/+0 battleaxe (12)]
 10664 | Orc:2    | Noticed a two-headed ogre
 10671 | Orc:1    | HP: 4/114 [orc priest/nerve-wracking pain (2)]
 10689 | Orc:2    | Noticed a two-headed ogre
 10689 | Orc:2    | Noticed a two-headed ogre
 10690 | Orc:2    | Found Azxuab's Weapon Emporium.
 10690 | Orc:2    | Found Waze's General Store.
 10690 | Orc:2    | Found a staircase to the Elven Halls.
 10691 | Orc:2    | Found Zica's Jewellery Shop.
 10691 | Orc:2    | Found Aheacaje's Magic Scroll Emporium.
 10691 | Orc:2    | Noticed a two-headed ogre
 10691 | Orc:2    | Noticed a two-headed ogre
 10691 | Orc:2    | Noticed an ogre mage
 10691 | Orc:2    | Noticed a two-headed ogre
 10691 | Orc:2    | Noticed an ogre mage
 10692 | Orc:2    | Noticed a two-headed ogre
 10692 | Orc:2    | Noticed a two-headed ogre
 10725 | Orc:1    | Killed a two-headed ogre
 10726 | Orc:1    | Killed a two-headed ogre
 10726 | Orc:1    | Killed a two-headed ogre
 10727 | Orc:1    | Reached skill level 12 in Axes
 10765 | Orc:1    | Killed a two-headed ogre
 10776 | Orc:1    | Killed a two-headed ogre
 10781 | Orc:1    | Killed a two-headed ogre
 11175 | D:10     | Found Ziffidoo's Assorted Antiques.
 11178 | D:10     | Bought a faintly glowing diamond amulet for 145 gold pieces
 11178 | D:10     | Identified the amulet of Kesoj {Spirit +Inv rElec Dex+2}
                  | (You bought it in a shop on level 10 of the Dungeon)
 11215 | D:10     | Noticed a two-headed ogre
 11224 | D:10     | Killed a two-headed ogre
 11225 | D:10     | Reached skill level 10 in Invocations
 11225 | D:10     | Reached XP level 13. HP: 121/121 MP: 0/2
 12204 | Lair:4   | Found a hole to the Spider Nest.
 12434 | Lair:4   | Found a staircase to the Shoals.
 12983 | Shoals:1 | Entered Level 1 of the Shoals
 13062 | Lair:5   | Reached ***** piety under Makhleb
 13139 | Lair:5   | Reached skill level 10 in Armour
 13296 | Lair:5   | Reached skill level 10 in Fighting
 13446 | Lair:5   | Got a glittering ivory ring
 13534 | Lair:5   | Found a staircase to the Slime Pits.
 13534 | Lair:5   | Found a viscous altar of Jiyva.
 14431 | Lair:6   | Entered Level 6 of the Lair of Beasts
 14612 | Lair:6   | Reached skill level 13 in Axes
 14760 | Lair:6   | Paralysed by a hornet for 3 turns
 14764 | Lair:6   | Mangled by a polar bear

Illustrated notes

Levels and vault maps discovered:
D:1:      co_arrival_square_in_a_square_in_a_square, layout_basic
D:2:      layout_basic
D:3:      layout_basic
D:4:      cheibrodos_helix_gallery, layout_basic, serial_forest,
          infiniplex_forest_clump_long, infiniplex_forest_straight_5,
          infiniplex_forest_lined_corner, infiniplex_forest_clump_long,
          infiniplex_forest_corner_2, infiniplex_forest_lined_corner,
          infiniplex_forest_straight_3, infiniplex_forest_corner_1
D:5:      layout_loops_ring, old_standard_altar, lightli_temple_of_fire,
          gup_ossuary_entry_pyramid, kennysheep_path_1, uniq_ijyb, uniq_duvessa,
          uniq_pikel
D:6:      layout_layer_cave, minmay_temple_entry_trees
D:7:      layout_loops_cross, hangedman_abyss_or_decor_stagger, st_stairs_10,
          bh_walls_and_bars
D:8:      layout_basic, fedhas_altar_2, grunt_gozag_statues,
          vehumet_altar_wand_db, uniq_harold
D:9:      layout_loops_corners, marbit_many_paths, lair_entry_dummy,
          enter_bailey_2, basic_altar, uniq_maggie
D:10:     layout_long_grid, minmay_orc_entry_guard_dogs, serial_shops, shop,
          nicolae_shop_temple_entry_statues_fountains
Temple:   regret_index_temple_sphere_string
Lair:1:   layout_cave_pods
Lair:2:   layout_chaotic_city, minmay_hedge_maze, grunt_megastairs_4,
          uniq_gastronok
Lair:3:   layout_hall_layers, special_room [special_room_bee],
          small_statue_intersection, grunt_megastairs_5, lemuel_fruit_tree
Lair:4:   layout_layer_cave, elwin_shoals_entry_rocks,
          spider_nest_entry_web_field, grunt_megastairs_2, lemuel_fruit_fields,
          lemuel_fruit_fields
Lair:5:   layout_layer_cave, slime_altar_1, beast_lair_carwin_2,
          infiniplex_staircase_pool_2, grunt_megastairs_3
Lair:6:   gammafunk_lair_ancient_temple, layout_cave_pods, serial_rivers,
          chequers_serial_rivers_micro_c, chequers_serial_rivers_micro_a,
          chequers_serial_rivers_small_a, chequers_serial_rivers_room_b,
          chequers_serial_rivers_micro_e, chequers_serial_rivers_micro_b
Shoals:1: layout_shoals, gammafunk_ghost_grave, uniq_frances
Orc:1:    layout_caves, serial_shops, shop_fountains, nicolae_orc_rich_vein,
          uniq_nergalle, uniq_fannar
Orc:2:    st_orc_ogre_mass, layout_caves, gammafunk_ghost_cemetery

Skill      XL: |  1  2  3  4  5  6  7  8  9 10 11 12 13 |
---------------+----------------------------------------+-----
Axes           | 3 4 5 6 7 9 10 11 12 13 | 13.0
Fighting       | 3 4 5 6 7 8 9 10 | 10.3
Shields        | 4 5 6 7 8 9 10 11 12 | 12.1
Stealth        | 1 2 |  2.8
Dodging        | 3 5 7 |  7.7
Armour         | 5 6 8 9 10 | 10.6
Invocations    | 3 5 7 10 11 | 11.4

Action                   |  1- 3 |  4- 6 |  7- 9 | 10-12 | 13-15 || total
-------------------------+-------+-------+-------+-------+-------++-------
Melee: War axe           |   105 |   183 |   518 |   623 |       ||  1429
       Hand axe          |       |       |       |   293 |   720 ||  1013
Invok: Lesser Servant of |       |       |       |     3 |       ||     3
 Abil: Heal Wounds       |       |     4 |    11 |    38 |     1 ||    54
  Use: Scroll            |       |       |     9 |    19 |     1 ||    29
       Potion            |       |       |     2 |     3 |     1 ||     6
 Stab: Petrified         |       |       |       |       |    20 ||    20
       Petrifying        |       |       |       |       |     3 ||     3
Armor: Chain mail        |    75 |   112 |   189 |   189 |       ||   565
       Skin              |       |       |       |    47 |       ||    47
       Storm dragon scal |       |       |       |   103 |   385 ||   488
Dodge: Dodged            |    14 |    45 |   101 |   251 |   222 ||   633
Block: Kite shield       |    57 |   104 |   295 |   533 |       ||   989
       Tower shield      |       |       |       |   568 |   826 ||  1394
       Reflection        |       |       |       |    20 |     4 ||    24
